 Dungeon Crawl Stone Soup version 0.23-a0-405-g368ce00 (webtiles) character file.

54 MisterFreud the Sneak (level 3, -6/26 HPs)
             Began as an Octopode Fighter on Nov 6, 2018.
             Mangled by Sigmund
             ... wielding a +0 scythe
              (12 damage)
             ... on level 2 of the Dungeon.
             The game lasted 00:02:22 (1046 turns).

MisterFreud the Sneak (Octopode Fighter)            Turns: 1046, Time: 00:02:23

Health: -6/26      AC:  1    Str: 20    XL:     3   Next: 91%
Magic:  3/3        EV:  7    Int: 14    God:
Gold:   108        SH: 10    Dex: 11    Spells: 2/2 levels left

rFire    . . .     SeeInvis .   a - +0 long sword
rCold    . . .     Gourm    .   b - +1 shield
rNeg     . . .     Faith    .   (helmet restricted)
rPois    .         Spirit   .   (no amulet)
rElec    .         Reflect  .   h - +3 ring of intelligence
rCorr    .         Harm     .   l - -4 ring of evasion (curse)
MR       .....                  (no ring)
Stlth    ++++......             (no ring)
HPRegen  0.08/turn              (no ring)
MPRegen  0.08/turn              (no ring)
                                (no ring)
                                (no ring)

@: mighty
A: almost no armour, stealthy swim, amphibious, 8 rings, constrict 8, camouflage
1, gelatinous body 1
a: no special abilities


You were on level 2 of the Dungeon.
You were hungry.

You visited 1 branch of the dungeon, and saw 2 of its levels.

You collected 108 gold pieces.

Inventory:

Hand Weapons
 a - a +0 long sword (weapon)
Missiles
 j - 51 stones (quivered)
 k - 7 poisoned needles
Armour
 b - a +1 shield (worn)
Jewellery
 h - a +3 ring of intelligence (left tentacle)
 l - a cursed -4 ring of evasion (right tentacle)
Scrolls
 e - a scroll of remove curse {unknown}
 f - 2 scrolls of blinking
 i - a scroll of immolation {unknown}
 m - a scroll of identify
Potions
 c - 2 potions of might
Comestibles
 d - 10 rations


   Skills:
 - Level 3.0 Fighting
 - Level 2.0 Long Blades
 - Level 3.0 Dodging
 - Level 5.0 Stealth
 + Level 3.0 Shields


You had 2 spell levels left.
You didn't know any spells.
Your spell library was empty.

Dungeon Overview and Level Annotations

Branches:
Dungeon (2/15)

Altars:
Vehumet

Annotations:
D:2 Sigmund


Innate Abilities, Weirdness & Mutations

You cannot wear most types of armour.
You are very stealthy in the water. (Stealth+)
You are amphibious.
You can wear up to eight rings at the same time.
You can use your tentacles to constrict eight enemies at once.
Your skin changes colour to match your surroundings (Stealth+).
Your rubbery body absorbs attacks. (AC +1, EV +1)


Message History

You need to enable at least one skill for training.
d - 9 rations (gained 1)
d - 10 rations (gained 1) Sigmund shouts!
Sigmund is too close now for your liking.
You aren't carrying any items that you can evoke.
Unknown command.
You feel very mighty all of a sudden. Sigmund gestures at you while chanting.
The magic dart hits you!
Sigmund mumbles some strange words.
Sigmund flickers and vanishes!
Deactivating autopickup; reactivate with Ctrl-A.
Something hits you!
* * * LOW HITPOINT WARNING * * *
Something completely misses you.
You are feeling hungry.
You block something's attack. Something hits you!
You die...

#..#...#..##.##....###
#...._....##.##....###
#..#...#..##..#......#
###.###.###.###.#.).##..
#....#..†#.......†......
##...........##.#.......
###.#.###..............
#....................
####@#...##....##.... #.#
##....###.##.##....... #.#
###..#### #......###.... #.#
#...##########.......... #.#
#..............###......
#.##############....########.
#.#....# #.......#####.
#......# #....##....###
#<.....#### #....#####....


There were no monsters in sight!

Vanquished Creatures
  An adder (D:2)
  2 oozes
  A dart slug (D:1)
  A leopard gecko (D:2)
  A ball python (D:1)
  4 giant cockroaches
  4 goblins
  7 hobgoblins
  2 jackals (D:1)
  2 frilled lizards (D:1)
  2 kobolds (D:2)
  5 rats
32 creatures vanquished.

Notes
Turn   | Place    | Note
-------+----------+-------------------------------------------
     0 | D:1      | MisterFreud the Octopode Fighter began the quest for the
                  | Orb.
     0 | D:1      | Reached XP level 1. HP: 16/16 MP: 1/1
    17 | D:1      | Reached skill level 1 in Stealth
    31 | D:1      | Reached skill level 2 in Stealth
    70 | D:1      | Reached XP level 2. HP: 19/21 MP: 2/2
    94 | D:1      | Reached skill level 3 in Stealth
   337 | D:2      | Reached XP level 3. HP: 26/26 MP: 3/3
   416 | D:2      | Reached skill level 4 in Stealth
   445 | D:2      | Noticed Sigmund
   979 | D:2      | Found a radiant altar of Vehumet.
   998 | D:2      | Reached skill level 5 in Stealth
  1046 | D:2      | Mangled by Sigmund

Vault maps used:
D:1:      tarquinn_simple_flora_water_c
D:2:      vehumet_crystals, first_ration, uniq_sigmund

Skill      XL: |  1  2  3 |
---------------+----------+-----
Stealth        | 2 3 5 |  5.0
Fighting       | |  3.0
Long Blades    | |  2.0
Dodging        | |  3.0
Shields        | |  3.0

Action                   || total
-------------------------++-------
Melee: Long sword        ||    56
       Tentacles         ||    14
       Constrict         ||    13
  Use: Scroll            ||     4
       Potion            ||     1
 Stab: Sleeping          ||     5
Armor: Skin              ||     5
Dodge: Dodged            ||    24
Block: Shield            ||    20
       Rpst.: Long sword ||     9

Table legend:
 A = Non-vault XP
 B = Vault XP
 C = Vault XP percentage of total XP
 D = Non-vault monster count
 E = Vault monster count
 F = Vault count percentage of total count
                 A         B        C        D         E       F
            +---------+---------+-------+---------+---------+-------
      Total |      78 |       0 |   0.0 |      32 |       0 |   0.0
            +---------+---------+-------+---------+---------+-------
        D:1 |      33 |       0 |   0.0 |      16 |       0 |   0.0
        D:2 |      45 |       0 |   0.0 |      16 |       0 |   0.0
            +---------+---------+-------+---------+---------+-------
